 Dungeon Crawl Stone Soup version 0.30-b1-2-g02819fbbbe (webtiles) character file.

Game seed: 16425509385513875143

1089 Borgoz the Trooper (level 8, -3/51 HPs)
             Began as a Gargoyle Berserker on June 16, 2023.
             Was an Elder of Trog.
             Slain by an ogre
             ... wielding a +0 giant club
              (10 damage)
             ... on level 5 of the Dungeon.
             The game lasted 00:08:28 (4736 turns).

Borgoz the Trooper (Gargoyle Berserker)             Turns: 4736, Time: 00:08:29

Health: -3/51      AC: 17    Str: 21    XL:     8   Next: 31%
Magic:  8/8        EV: 11    Int:  8    God:    Trog [****..]
Gold:   267        SH:  0    Dex: 11    Spells: 7/7 levels left

rFire   . . .        g - +0 flail
rCold   . . .        (no shield)
rNeg    + . .        e - +0 scale mail
rPois   ∞            c - +0 helmet
rElec   +            p - +2 cloak
rCorr   .            (no gloves)
SInv    .            (no boots)
Will    .....        (no amulet) Stlth
                     (no ring)
HPRegen 0.28/turn    (no ring)
MPRegen 0.11/turn

%: no passive effects
@: no status effects
A: sickness immunity, AC +5, negative energy resistance 1, electricity
resistance, torment resistance 1, petrification resistance
a: Renounce Religion, Berserk, Trog's Hand, Brothers in Arms


You were on level 5 of the Dungeon.
You worshipped Trog.
Trog was greatly pleased with you.
You visited 1 branch of the dungeon, and saw 5 of its levels.

You collected 267 gold pieces.

Inventory:

Hand Weapons
 a - a +0 mace
 g - a +0 flail (weapon)
 q - a +2 mace of protection
Missiles
 h - 8 poisoned darts (quivered)
Armour
 c - a +0 helmet (worn)
 e - a +0 scale mail (worn)
 p - a +2 cloak (worn)
Scrolls
 f - 2 scrolls of vulnerability {unknown}
 i - a scroll of blinking {unknown}
 k - a scroll of enchant weapon {unknown}
 l - a scroll of fear {unknown}
 m - a scroll of immolation {unknown}
 r - a scroll of identify {unknown}
 s - a scroll of teleportation {unknown}
Potions
 b - 2 potions of ambrosia
 d - a potion of flight {unknown}
 j - 2 potions of curing
 n - a potion of attraction {unknown}
 o - a potion of lignification {unknown}
 t - a potion of magic {unknown}
 u - 2 potions of haste {unknown}


   Skills:
 + Level 6.1 Fighting
 + Level 5.5 Maces & Flails
 + Level 5.6 Armour
 + Level 4.2 Dodging


You had 7 spell levels left.
You didn't know any spells.
Your spell library was empty.

Dungeon Overview and Level Annotations

Branches:
Dungeon (5/15)
 Temple: D:4-7

Altars:
Ashenzari
Ru
Sif Muna
Vehumet


Innate Abilities, Weirdness & Mutations

You are immune to sickness and miasma.
Your stone body is resilient. (AC +5)
You are immune to poison.
You resist negative energy. (rN+)
You are resistant to electric shocks. (rElec)
You are resistant to unholy torment.
You are immune to petrification.


Message History

You are too injured to fight recklessly!
You are too injured to fight recklessly!
You are too injured to fight recklessly!
You barely miss the gnoll.
The gnoll is severely wounded.
The gnoll hits you but does no damage.
You thump the gnoll!
You kill the gnoll!
Trog accepts your kill.
You see here a +0 spear.
There are no items here.
You start resting.
HP restored.
An ogre comes into view. It is wielding a +0 giant club.
The ogre barely misses you.
You closely miss the ogre. The ogre barely misses you.
You barely miss the ogre. You sock the ogre!
The ogre is heavily wounded.
The ogre hits you with a +0 giant club!
You hit the ogre.
The ogre is heavily wounded.
The ogre hits you with a +0 giant club!
You hit the ogre.
The ogre is severely wounded.
The ogre hits you with a +0 giant club!
You are too injured to fight recklessly!
You barely miss the ogre.
The ogre is severely wounded.
You hit the ogre.
The ogre is almost dead.
The ogre misses you.
You barely miss the ogre.
The ogre is almost dead.
The ogre hits you with a +0 giant club!!
* * * LOW HITPOINT WARNING * * *
You barely miss the ogre.
The ogre is almost dead.
The ogre hits you with a +0 giant club!
You die...

#......# #.....#
####.### #######
##.## #...# ##..#
##.# #.# ###.#
#.############.....#
#...........@O.#
################


You could see an ogre.

Vanquished Creatures
  Sigmund (D:4)
  2 ogres (D:5)
  A phantom (D:3)
  A scorpion (D:4)
  A jelly (D:5)
  4 orc priests
  3 hounds
  A sleepcap (D:5)
  An iguana (D:5)
  3 orc wizards
  9 gnolls
  3 adders
  3 worms
  4 dart slugs
  17 orcs
  7 ball pythons
  13 bats
  7 endoplasms
  6 giant cockroaches
  3 goblins (D:1)
  6 hobgoblins
  16 jackals
  6 quokkas
  9 frilled lizards
  8 kobolds
  4 rats
139 creatures vanquished.

Notes
Turn   | Place    | Note
-------+----------+-------------------------------------------
     0 | D:1      | Borgoz the Gargoyle Berserker began the quest for the Orb.
     0 | D:1      | Reached XP level 1. HP: 14/14 MP: 1/1
   159 | D:1      | Reached XP level 2. HP: 19/19 MP: 2/2
   336 | D:1      | Reached XP level 3. HP: 15/23 MP: 3/3
   387 | D:1      | Reached ** piety under Trog
   829 | D:2      | Reached XP level 4. HP: 26/29 MP: 4/4
  1142 | D:2      | Reached skill level 4 in Fighting
  1879 | D:3      | Reached *** piety under Trog
  1880 | D:3      | Reached XP level 5. HP: 29/33 MP: 5/5
  2073 | D:3      | Noticed a phantom
  2084 | D:3      | Killed a phantom
  2085 | D:3      | Reached XP level 6. HP: 36/39 MP: 6/6
  2965 | D:4      | Noticed Sigmund
  3007 | D:4      | Killed Sigmund
  3008 | D:4      | Reached skill level 5 in Fighting
  3008 | D:4      | Reached XP level 7. HP: 23/44 MP: 7/7
  3648 | D:4      | Found a broken altar of Ashenzari.
  3822 | D:5      | Entered Level 5 of the Dungeon
  3904 | D:5      | Reached skill level 5 in Maces & Flails
  3904 | D:5      | Reached skill level 5 in Armour
  4052 | D:5      | Reached **** piety under Trog
  4057 | D:5      | Found a radiant altar of Vehumet.
  4073 | D:5      | Reached XP level 8. HP: 51/51 MP: 8/8
  4213 | D:5      | Found a sacrificial altar of Ru.
  4274 | D:5      | Found a shimmering blue altar of Sif Muna.
  4541 | D:5      | Reached skill level 6 in Fighting
  4736 | D:5      | Slain by an ogre

Illustrated notes

Levels and vault maps discovered:
D:1:      doesnt_arrival_eight_statues, layout_loops_ring,
          minmay_stone_trees_medium
D:2:      layout_basic
D:3:      layout_loops_ring
D:4:      layout_layer_cave, overflow_temple_1_default, roderic_batcave,
          chequers_serial_rivers_small_b, nicolae_elevator_lobby_plus,
          uniq_sigmund
D:5:      layout_loops_cross, mainiacjoe_overflow_chevrons,
          nicolae_ru_great_annihilating_truth, nicolae_vehumet_radiance,
          nicolae_sif_muna_little_library, minmay_misc_feat_cross

Skill      XL: |  1  2  3  4  5  6  7  8 |
---------------+-------------------------+-----
Dodging        | 2 3 4 |  4.2
Armour         | 3 4 5 |  5.6
Fighting       | 4 5 6 |  6.1
Maces & Flails | 4 5 |  5.5

Action                     |  1- 3 |  4- 6 |  7- 9 || total
---------------------------+-------+-------+-------++-------
  Melee: Mace              |   112 |    92 |       ||   204
         Flail             |       |   136 |   167 ||   303
         Punch             |       |       |     3 ||     3
  Throw: Dart              |       |     3 |       ||     3
 Invoke: Trog's Hand       |       |     2 |       ||     2
         Berserk           |       |       |     3 ||     3
    Use: Potion            |       |     3 |       ||     3
         Scroll            |       |       |     2 ||     2
   Stab: Paralysed         |       |       |     1 ||     1
 Armour: Animal skin       |    33 |       |       ||    33
         Scale mail        |    52 |   141 |   123 ||   316
  Dodge: Dodged            |   138 |   136 |   118 ||   392
